 Dungeon Crawl Stone Soup version 0.29.1-2-gbd0b4ee654 (webtiles) character file.

Game seed: 17973423489501639479

1882 Icepheonix32 the Changer (level 9, -1/54 (55) HPs)
             Began as an Octopode Transmuter on Nov 20, 2022.
             Was an Initiate of Gozag.
             Slain by a wyvern (7 damage)
             ... on level 7 of the Dungeon.
             The game lasted 00:12:48 (7682 turns).

Icepheonix32 the Changer (Octopode Transmuter)      Turns: 7682, Time: 00:12:48

HP:   -1/54 (55)    AC:  1    Str: 10    XL:     9   Next: 14%
MP:   5/12          EV: 19    Int: 17    God:    Gozag
Gold: 485           SH:  0    Dex: 14    Spells: 1/12 levels left

rFire   + . .      SeeInvis .     - Unarmed
rCold   . . .      Faith    .   (shield currently unavailable)
rNeg    + . .      Spirit   .   (helmet restricted)
rPois   .          Reflect  .   w - amulet of the acrobat
rElec   .          Harm     .   e - ring of positive energy
rCorr   .          Rampage  .   i - +4 ring of evasion
Will    .....                   j - ring of protection from fire
Stlth   ++........              (no ring)
HPRegen 0.18/turn               (no ring)
MPRegen 0.13/turn               (no ring)
                                (no ring)
                                (no ring)

@: blade tentacles (expiring), weakened, wereblooded, hasted, lightly drained,
very quick
A: almost no armour, amphibious, 8 rings, camouflage 1, gelatinous body 1,
(nimble swimmer 1), tentacles
a: End Transformation, Renounce Religion, Potion Petition, Call Merchant, Bribe
Branch


You were on level 7 of the Dungeon.
You worshipped Gozag.
Gozag was aware of your devotion.
You had blades for main tentacles.
You visited 2 branches of the dungeon, and saw 8 of its levels.

You collected 655 gold pieces.
You spent 120 gold pieces at shops.
You paid 50 gold pieces to Gozag.

Inventory:

Hand Weapons
 m - the +0 trident "Vekhusao" (melded) {venom, Int+4 SInv}
   (You took it off a kobold on level 2 of the Dungeon)

   It poisons the flesh of those it strikes.
   Int:       It affects your intelligence (+4).
   SInv:      It lets you see invisible.
 u - a +3 quarterstaff of chaos
Missiles
 h - a curare-tipped dart
 o - 11 poisoned darts
Jewellery
 e - a ring of positive energy (left blade tentacle)
 i - a +4 ring of evasion (right blade tentacle)
 j - a ring of protection from fire (on tentacle)
 w - an amulet of the acrobat (around mantle)
Wands
 f - a wand of charming (1)
 y - a wand of flame (25)
Scrolls
 k - a scroll of brand weapon
 l - 3 scrolls of vulnerability
 n - a scroll of teleportation
 q - 2 scrolls of fear
 s - 4 scrolls of amnesia
 v - a scroll of enchant armour
 x - a scroll of summoning
Potions
 a - a potion of lignification
 b - a potion of flight
 c - a potion of haste
 d - a potion of attraction {unknown}
 g - a potion of curing {unknown}
 p - a potion of heal wounds {unknown}
 t - a potion of ambrosia {unknown}


   Skills:
 + Level 2.8 Fighting
 - Level 2.3 Polearms
 + Level 1.5 Throwing
 * Level 5.4 Dodging
 * Level 6.6 Unarmed Combat
 - Level 2.0 Spellcasting
 * Level 6.8 Transmutations
 + Level 3.5 Poison Magic
 + Level 0.8 Evocations


You had one spell level left.
You knew the following spells:

 Your Spells              Type           Power      Damage    Failure   Level
a - Beastly Appendage     Tmut           48%        N/A       17%         1
b - Spider Form           Tmut/Pois      19%        N/A       38%         3
c - Wereblood             Tmut           24%        N/A       21%         2
d - Blade Hands           Tmut           12%        N/A       75%         5

Your spell library contained the following spells:

 Spells                   Type           Power      Damage    Failure   Level
 Ice Form                 Ice/Tmut       13%        N/A       83%         4
 Iron Shot                Conj/Erth      0%         9d1       100%        6
 Animate Armour           Summ/Erth      Unusable   N/A       N/A         4

Dungeon Overview and Level Annotations

Branches:
Dungeon (7/15)             Temple (1/1) D:4

Altars:
Ashenzari
Cheibriados
Dithmenos
Elyvilon
Fedhas
Gozag
Kikubaaqudgha
Makhleb
Nemelex Xobeh
Okawaru
Qazlal
Uskayaw
Vehumet
Wu Jian
Xom
Yredelemnul
The Shining One

Shops:
D:3 [   D:4 *

Annotations:
D:1 1 runed translucent door


Innate Abilities, Weirdness & Mutations

You have blades for main tentacles.
Your spellcasting is less reliable in this form.
You are incapable of wielding weapons or throwing items.
You cannot wear most types of armour.
You are amphibious.
You can wear up to eight rings at the same time.
Your skin changes colour to match your surroundings (Stealth+).
Your rubbery body absorbs attacks. (AC +1, EV +1)
((You are camouflaged when in or above water. (Stealth+)))
You have tentacles for arms and can constrict up to eight enemies at once.


Message History

Casting: Wereblood (safe; 1% risk of failure)
Confirm with . or Enter, or press ? or * to list all spells.
The spell is quite dangerous to miscast (26% risk of failure)!
Continue anyway?
Your main tentacles turn into razor-sharp scythe blades.
The +0 trident "Vekhusao" {venom, Int+4 SInv} melds into your body.
The +0 trident "Vekhusao" {venom, Int+4 SInv} stops dripping with poison.
You hear the creaking of a portcullis nearby.
The necrophage misses you.
The gnoll bouda barks out a call to the hunt!
The gnoll picks up the pace!
The hound bites you.
You hear a shout! x2
You barely miss the necrophage. You grab the necrophage.
You constrict the necrophage, but do no damage.
The hound completely misses you. The necrophage closely misses you.
You barely miss the hound. You grab the hound. You squeeze the hound.
The hound is lightly wounded.
You constrict the necrophage.
You constrict the hound, but do no damage.
The hound pauses to sniff the ground.
The hound closely misses you. The necrophage hits you. You partially resist.
You feel drained.
You hit the wyvern but do no damage. You squeeze the wyvern.
The wyvern is lightly wounded.
You constrict the necrophage, but do no damage.
You constrict the hound. The hound misses you. The wyvern bites you.
The hound completely misses you.
You hit the hound.
The hound is moderately wounded.
You constrict the necrophage. You constrict the hound. The wyvern bites you!
* * * LOW HITPOINT WARNING * * *
The necrophage misses you. The hound barely misses you.
The wyvern completely misses you.
A gnoll comes into view. It is wielding a +0 flail.
You feel yourself speed up.
Your transformation is almost over.
You constrict the necrophage. You constrict the hound.
The hound completely misses you. The wyvern bites you!
You die...
Your body crumbles into a pile of gold.

##..##.#[.......##......
......>..#..############
###...).###..### .
#.....# ##...# ..##.....#
###.#### ### .........#
####..#.####..
........####.......##....
.......l...........#.....
...>.#gh@.##............#
#.>..#.##n.............##
#....g. ............###
#.#..#. ?..#.......#.#
..#g[.. ...........###
... .. .......#..# ##
.#..#? .......<..# .
..........#
..........######


You could see a wyvern, a necrophage, a gnoll bouda, a hound and 2 gnolls.

Vanquished Creatures
  Menkaure (D:6)
  A black bear (D:4)
  3 ice beasts
  A sky beast (D:7)
  An ogre (D:6)
  A centaur (D:5)
  A phantom (D:7)
  A kobold brigand (D:7)
  Blork the orc (D:4)
  A bullfrog (D:6)
  2 scorpions
  A howler monkey (D:6)
  A hound (D:6)
  An orc priest (D:6)
  Crazy Yiuf (D:4)
  A gnoll bouda (D:6)
  A jelly (D:7)
  3 iguanas
  An orc wizard (D:6)
  10 gnolls
  14 adders
  A white imp (D:6)
  A worm (D:2)
  4 dart slugs
  11 orcs
  7 ball pythons
  A bat (D:2)
  4 endoplasms (D:2)
  3 giant cockroaches
  6 goblins
  7 hobgoblins
  11 jackals
  6 quokkas
  5 frilled lizards
  13 kobolds
  2 rats (D:3)
130 creatures vanquished.

Vanquished Creatures (collateral kills)
  A bullfrog (D:6)
  A necrophage (D:6)
  2 gnolls (D:6)
  An orc (D:6)
5 creatures vanquished.

Vanquished Creatures (others)
  12 plants (D:2)
12 creatures vanquished.

Grand Total: 147 creatures vanquished

Notes
Turn   | Place    | Note
-------+----------+-------------------------------------------
     0 | D:1      | Icepheonix32 the Octopode Transmuter began the quest for
                  | the Orb.
     0 | D:1      | Reached XP level 1. HP: 13/13 MP: 3/3
     1 | D:1      | Found a runed translucent door.
   423 | D:1      | Reached XP level 2. HP: 15/18 MP: 3/5
  1125 | D:1      | Reached XP level 3. HP: 14/23 MP: 6/6
  1789 | D:2      | Reached XP level 4. HP: 24/28 MP: 7/7
  2346 | D:2      | Identified the +0 trident "Vekhusao" {venom, Int+4 SInv}
  2626 | D:2      | Found a faded altar of an unknown god.
  3016 | D:2      | Learned a level 3 spell: Spider Form
  3019 | D:2      | Learned a level 2 spell: Wereblood
  3036 | D:3      | Found Lezymaw's Antique Armour Boutique.
  3237 | D:3      | Reached XP level 5. HP: 33/33 MP: 6/8
  3446 | D:3      | Found a shadowy altar of Dithmenos.
  4069 | D:4      | Reached skill level 1 in Poison Magic
  4079 | D:4      | Reached skill level 1 in Polearms
  4079 | D:4      | Reached XP level 6. HP: 11/38 MP: 9/9
  4381 | D:4      | Found an ornate altar of the Wu Jian Council.
  4486 | D:4      | Found a snail-covered altar of Cheibriados.
  4527 | D:4      | Found a runed translucent door.
  4528 | D:4      | Noticed Crazy Yiuf
  4660 | D:4      | Found Gaaripp's General Store.
  4663 | D:4      | Bought a potion of haste for 120 gold pieces
  4678 | D:4      | Noticed a water moccasin
  4680 | D:4      | Noticed Blork the orc
  4839 | D:4      | Killed Blork the orc
  4862 | D:4      | Found a staircase to the Ecumenical Temple.
  4894 | Temple   | Entered the Ecumenical Temple
  4913 | Temple   | Became a worshipper of Gozag Ym Sagoz the Greedy
  5053 | D:4      | Noticed a black bear
  5065 | D:4      | Killed a black bear
  5206 | D:4      | Killed Crazy Yiuf
  5207 | D:4      | Reached XP level 7. HP: 36/43 MP: 7/10
  5308 | D:5      | Entered Level 5 of the Dungeon
  5535 | D:5      | Found a sparkling altar of Nemelex Xobeh.
  5549 | D:5      | Reached skill level 1 in Throwing
  5815 | D:5      | You fall into a shaft and drop 1 floor!
  5834 | D:6      | Reached skill level 5 in Unarmed Combat
  6357 | D:6      | Reached XP level 8. HP: 41/50 MP: 11/11
  6454 | D:6      | Reached skill level 5 in Transmutations
  6499 | D:6      | Noticed Menkaure
  6515 | D:6      | Killed Menkaure
  6964 | D:6      | Reached skill level 5 in Dodging
  7495 | D:7      | Learned a level 5 spell: Blade Hands
  7526 | D:7      | Reached XP level 9. HP: 23/55 MP: 6/12
  7544 | D:7      | Found a glowing golden altar of the Shining One.
  7682 | D:7      | Slain by a wyvern

Illustrated notes

Levels and vault maps discovered:
D:1:      dpeg_arrival_caged_fury, layout_basic
D:2:      layout_loops_ring, hellmonk_ecumenical_altar_lost_god, serial_bayou,
          serial_bayou_pond_d, serial_bayou_shore_a, serial_bayou_lagoon_b,
          serial_bayou_lagoon_a
D:3:      minmay_wonky_spiral, layout_rooms, grunt_dithmenos_smoke_and_mirrors,
          serial_shops, shop
D:4:      black_bear_nest_1, layout_cave_pools, kennysheep_slug_shrine,
          mainiacjoe_overflow_tiny_flanked, minmay_temple_entry_offerings,
          serial_shops, kennysheep_mini, uniq_blork_the_orc,
          uniq_crazy_yiuf_cottage
D:5:      layout_cave_pools, nemelex_xobeh_ov_fountains_minmay, serial_shops,
          nicolae_shop_trees, uniq_grinder
D:6:      layout_gridville, grunt_decor_arrowhead, due_unseen_surprise,
          uniq_menkaure
D:7:      layout_rooms, nicolae_tso_carved_into_rock, old_standard_altar,
          mainiacjoe_overflow_six_doors_small, enter_bailey_5
Temple:   nicolae_temple_no_exploring_needed

Skill      XL: |  1  2  3  4  5  6  7  8 |
---------------+-------------------------+-----
Unarmed Combat | 4 5 6 |  6.6
Transmutations | 3 4 6 |  6.8
Dodging        | 3 4 5 |  5.4
Poison Magic   | 1 2 3 |  3.5
Polearms       | 1 2 |  2.3
Throwing       | 1 |  1.5
Fighting       | 2 |  2.8
Spellcasting   | |  2.0
Evocations     | |  0.8

Action                   |  1- 3 |  4- 6 |  7- 9 || total
-------------------------+-------+-------+-------++-------
Melee: Unarmed           |    75 |    64 |    57 ||   196
       Constrict         |    22 |    38 |    17 ||    77
       Kick              |    18 |    26 |     9 ||    53
       Tentacles         |    15 |    30 |    14 ||    59
       Punch             |     5 |     7 |     3 ||    15
       Trident           |       |    88 |    57 ||   145
Throw: Dart              |       |     8 |     1 ||     9
 Cast: Beastly Appendage |    15 |    33 |     8 ||    56
       Wereblood         |       |     2 |     3 ||     5
       Spider Form       |       |     3 |     7 ||    10
       Blade Hands       |       |       |     2 ||     2
Evoke: Wand              |       |     1 |     7 ||     8
  Use: Potion            |     1 |     3 |     2 ||     6
       Scroll            |       |     6 |     7 ||    13
 Stab: Sleeping          |     2 |    11 |     3 ||    16
       Distracted        |       |       |     1 ||     1
Armor: Skin              |     5 |     3 |    12 ||    20
Dodge: Dodged            |    49 |   106 |    95 ||   250
